 Dungeon Crawl Stone Soup version 0.30-a0-457-g4b7bca3bfa (webtiles) character file.

Game seed: 11595403216175136930

70 arthad the Grasshopper (level 4, -1/35 HPs)
             Began as a Barachi Warper on Dec 13, 2022.
             Slain by a hobgoblin (5 damage)
             ... led by Robin
             ... on level 2 of the Dungeon.
             The game lasted 00:04:05 (1059 turns).

arthad the Grasshopper (Barachi Warper)             Turns: 1059, Time: 00:04:05

Health: -1/35      AC:  5    Str: 14    XL:     4   Next: 22%
Magic:  7/7        EV: 12    Int: 13    God:
Gold:   61         SH:  0    Dex: 12    Spells: 8/8 levels left

rFire   . . .      SeeInvis .    a - +0 falchion
rCold   . . .      Faith    .    (no shield)
rNeg    . . .      Spirit   .    b - +0 leather armour
rPois   .          Reflect  .    e - +0 helmet
rElec   .          Harm     .    (no cloak)
rCorr   .          Rampage  .    (no gloves)
Will    .....                    f - +0 pair of boots
Stlth   +.........               (no amulet)
HPRegen 0.25/turn                (no ring)
MPRegen 0.10/turn                (no ring)

@: unable to hop, flying, slow
A: amphibious, slowness 1, strong legs 1, +LOS
a: Hop


You were on level 2 of the Dungeon.
You visited 1 branch of the dungeon, and saw 2 of its levels.

You collected 61 gold pieces.

Inventory:

Hand Weapons
 a - a +0 falchion (weapon)
Missiles
 d - 2 boomerangs of dispersal (quivered)
Armour
 b - a +0 leather armour (worn)
 e - a +0 helmet (worn)
 f - a +0 pair of boots (worn)
Scrolls
 g - a scroll of identify


   Skills:
 * Level 3.0 Fighting
 * Level 2.9 Long Blades
 - Level 1.4 Throwing
 + Level 2.2 Armour
 + Level 2.8 Dodging
 + Level 2.6 Spellcasting
 + Level 3.6 Translocations


You had 8 spell levels left.
You didn't know any spells.
Your spell library contained the following spells:

 Spells                   Type           Power      Damage    Failure   Level
 Blink                    Tloc           22%        N/A       10%         2
 Lesser Beckoning         Tloc           22%        N/A       21%         3
 Teleport Other           Tloc           11%        N/A       21%         3
 Vhi's Electric Charge    Tloc/Air       12%        N/A       38%         3
 Manifold Assault         Tloc           11%        N/A       54%         4


Dungeon Overview and Level Annotations

Branches:
Dungeon (2/15)

Altars:

Shops:
D:1 [


Innate Abilities, Weirdness & Mutations

You are amphibious.
You cover ground slowly.
You can hop short distances.
You have an extended range of vision and can be seen from far away.


Message History

You are too injured to fight recklessly!
You are too injured to fight recklessly!
You are too injured to fight recklessly!
You are too injured to fight recklessly!
You are too injured to fight recklessly!
You are too injured to fight recklessly!
You hit Robin. You punch Robin, but do no damage.
Robin is severely wounded.
Robin barely misses you. The hobgoblin closely misses you.
You hit Robin but do no damage.
Robin is severely wounded.
Robin barely misses you. The hobgoblin hits you.
It was a potion of flight.
You feel very buoyant.
You fly up into the air.
Robin hits you with a +0 short sword.
* * * LOW HITPOINT WARNING * * *
The hobgoblin barely misses you.
You hit Robin.
Robin is almost dead.
Robin misses you. The hobgoblin hits you.
* * * LOW HITPOINT WARNING * * *
You barely miss Robin.
Robin is almost dead.
Robin roars a battlecry!
The hobgoblin goes into a battle-frenzy!
The hobgoblin hits you but does no damage.
You hit Robin.
You kill Robin!
You closely miss the hobgoblin. The hobgoblin closely misses you.
The hobgoblin misses you. The hobgoblin hits you.
* * * LOW HITPOINT WARNING * * *
The hobgoblin hits you.
* * * LOW HITPOINT WARNING * * *
Okay, then.
The hobgoblin attacks as you move away!
The hobgoblin hits you but does no damage.
The hobgoblin hits you.
* * * LOW HITPOINT WARNING * * *
The hobgoblin attacks as you move away! The hobgoblin hits you.
You die...

###....................
....##.#.####..###...# #
....##.#.# #..###...#....#
....##.#.####..#...........
....##.........#.#####.....
..................# .....
...............#..# ......
##.#......#.#.##.g##.......
##.#####+##.....@g.r.......
#...####.####.#..#####.#...
..............#..#
.....###.###..#..#
.#.#.#<.......#..#
.#.#.#.##.##.##..#
..............#..#
.#.........####..#
...#..#########..#


You could see 2 hobgoblins and a rat.

Vanquished Creatures
  Robin (D:2)
  An adder (D:2)
  2 dart slugs (D:1)
  4 ball pythons
  3 endoplasms (D:1)
  3 giant cockroaches
  13 goblins
  7 hobgoblins
  A quokka (D:1)
  4 rats (D:1)
39 creatures vanquished.

Notes
Turn   | Place    | Note
-------+----------+-------------------------------------------
     0 | D:1      | arthad the Barachi Warper began the quest for the Orb.
     0 | D:1      | Reached XP level 1. HP: 17/17 MP: 3/3
    70 | D:1      | Reached XP level 2. HP: 23/23 MP: 5/5
    98 | D:1      | HP: 1/23 [giant cockroach (1)]
   224 | D:1      | Found Pafeir's Antique Armour Shoppe.
   260 | D:1      | Reached XP level 3. HP: 24/28 MP: 6/6
   325 | D:1      | Found a faded altar of an unknown god.
   820 | D:2      | Noticed Robin
   888 | D:1      | Reached XP level 4. HP: 24/34 MP: 7/7
  1056 | D:2      | Killed Robin
  1059 | D:2      | Slain by a hobgoblin

Illustrated notes

Levels and vault maps discovered:
D:1:      lemuel_arrival_broad_hall, layout_rooms, serial_shops, shop_statue,
          ebering_ecumenical_altar_webs
D:2:      layout_basic, chequers_jeans, uniq_robin

Skill      XL: |  1  2  3  4 |
---------------+-------------+-----
Armour         | 2 |  2.2
Fighting       | 3 |  3.0
Long Blades    | |  2.9
Throwing       | |  1.4
Dodging        | |  2.8
Spellcasting   | |  2.6
Translocations | |  3.6

Action                   |  1- 3 |  4- 6 || total
-------------------------+-------+-------++-------
Melee: Falchion          |   127 |    21 ||   148
       Punch             |     1 |     1 ||     2
Throw: Boomerang         |     5 |       ||     5
 Abil: Hop               |       |     1 ||     1
  Use: Scroll            |     2 |     1 ||     3
       Potion            |       |     1 ||     1
Armor: Leather armour    |    47 |     6 ||    53
Dodge: Dodged            |   107 |    22 ||   129

Table legend: (Time is in decaauts)
 A = Elapsed time spent in this place.
 B = Non-inter-level travel time spent in this place.
 C = Inter-level travel time spent in this place.
 D = Time resting spent in this place.
 E = Time spent auto-exploring this place.
 F = Levels seen in this place.
 G = Mean time per level.
                   A        B        C        D        E       F      G
               +--------+--------+--------+--------+--------+-----+--------+
         Total |   1206 |   1154 |     52 |    168 |    580 |   2 |  603.0 |
       Dungeon |   1206 |   1154 |     52 |    168 |    580 |   2 |  603.0 |
               +--------+--------+--------+--------+--------+-----+--------+

Top non-repeatable levels by time:
     D:1: 800 daAuts
     D:2: 405 daAuts
